Map: [EWC] Amphion

Players

Oliveira - Winner!

  • Race: Terran Terran
  • Spawn Location: 11:00

ByuN

  • Race: Terran Terran
  • Spawn Location: 7:00

Event: Esports World Cup 2024

VOD

Have the link to the VOD?

Description

Time

  • Played on: Aug. 14, 2024, 7:24 a.m.
  • Length: 7:43

All games in this series

Show
View Real Time Build Order
Export as new Build Order

Oliveira Terran - Winner!

Build Orders: Gas First Reaper Expand, Banshee Rush 

Get SALT Encoding   

  12  0:00  SCV  
  13  0:12  SCV  
  14  0:17  Supply Depot  
  14  0:24  SCV  
  15  0:29  Refinery  
  15  0:39  SCV  
  16  0:45  Barracks  
  16  0:51  SCV  
  17  1:03  SCV  
  18  1:15  SCV  
  19  1:32  Orbital Command, Reaper  
  20  1:47  Command Center  
  20  1:59  SCV  
  21  2:01  Factory  
  21  2:06  Marine  
  22  2:14  Supply Depot  
  22  2:15  SCV  
  23  2:21  Refinery  
  23  2:35  SCV  
  24  2:37  Barracks Reactor  
  24  2:45  Starport, Hellion  
  24  2:47  SCV  
  27  2:59  Orbital Command  
  27  3:00  SCV  
  28  3:06  Cyclone  
  28  3:12  SCV  
  31  3:14  Marine x2  
  33  3:21  Starport Tech Lab  
  33  3:24  SCV x2  
  35  3:31  Supply Depot  
  35  3:37  SCV  
  35  3:38  SCV  
  35  3:39  Cloaking Field  
  35  3:40  Banshee  
  40  3:45  Cyclone  
  42  3:49  SCV, Refinery  
  42  3:52  SCV  
  44  3:57  Supply Depot  
  44  3:58  Marine  
  44  4:00  Marine  
  44  4:02  SCV  
  47  4:04  SCV  
  48  4:14  SCV  
  45  4:18  Factory Tech Lab  
  45  4:19  SCV  
  45  4:23  Banshee  
  49  4:27  SCV  
  49  4:28  Supply Depot, Marine x2  
  52  4:31  SCV  
  52  4:37  Siege Tank  
  56  4:41  SCV  
  56  4:43  SCV  
  58  4:50  Marine x2  
  60  4:56  Command Center  
  60  4:57  SCV  
  60  4:59  SCV  
  62  5:02  Supply Depot  
  62  5:15  Siege Tank  
  65  5:22  Refinery  
  65  5:23  Starport, Viking x2  
  70  5:28  SCV  
  70  5:31  SCV  
  71  5:40  SCV  
  69  5:43  SCV  
  70  5:50  Siege Tank  
  70  5:52  SCV  
  70  5:56  Viking x2  
  78  5:57  Marine  
  78  6:07  Viking  
  78  6:10  Orbital Command  
  77  6:21  Marine  
  77  6:24  Barracks  
  78  6:26  Barracks  
  78  6:28  Siege Tank  
  78  6:29  SCV x2  
  83  6:39  Viking  
  85  6:41  SCV  
  85  6:44  Viking  
  87  6:53  SCV  
  87  6:54  SCV  
  89  6:57  Engineering Bay x2  
  89  6:58  Supply Depot  
  89  6:59  Supply Depot, SCV  
  90  7:02  Siege Tank  
  93  7:14  Barracks Reactor x2  
  93  7:19  Barracks  
  93  7:20  SCV  
  93  7:21  Barracks  
Show
View Real Time Build Order
Export as new Build Order

ByuN Terran 

Build Orders: Gas First Reaper Expand 

Get SALT Encoding   

  12  0:00  SCV  
  13  0:12  SCV  
  14  0:17  Supply Depot  
  14  0:24  SCV  
  14  0:28  Refinery  
  15  0:39  SCV  
  16  0:44  Barracks  
  16  0:51  SCV  
  17  1:03  SCV  
  18  1:15  SCV  
  19  1:31  Orbital Command, Reaper  
  20  1:47  Command Center  
  20  1:57  Factory  
  20  1:58  SCV  
  21  2:08  Supply Depot, Marine  
  22  2:12  SCV  
  23  2:16  Refinery  
  23  2:29  SCV, Marine  
  25  2:41  SCV, Hellion  
  25  2:42  Starport  
  28  2:47  Barracks Reactor  
  28  2:53  SCV  
  29  2:58  Orbital Command  
  29  3:03  Cyclone  
  31  3:05  SCV  
  32  3:13  Orbital Command  
  32  3:18  SCV, Medivac  
  35  3:25  Marine x2  
  37  3:27  Supply Depot  
  37  3:30  SCV  
  38  3:35  Cyclone  
  41  3:41  SCV  
  41  3:42  SCV  
  41  3:46  Marine  
  41  3:48  Marine, Viking  
  46  3:53  Supply Depot  
  46  3:55  SCV  
  46  3:56  SCV  
  48  4:04  Marine  
  48  4:06  Marine  
  48  4:08  Factory Tech Lab  
  50  4:14  SCV x2  
  52  4:22  Marine  
  52  4:23  Marine  
  54  4:27  Siege Tank  
  54  4:29  Supply Depot, SCV x2  
  59  4:34  Refinery  
  59  4:41  SCV x2  
  61  4:52  Supply Depot  
  65  4:53  SCV x2  
  67  5:00  Siege Tank  
  67  5:01  Medivac x2  
  67  5:05  Supply Depot  
  70  5:09  SCV  
  70  5:11  SCV  
  70  5:19  Marine  
  69  5:21  SCV, Engineering Bay  
  69  5:23  SCV  
  69  5:30  Viking  
  69  5:31  Viking  
  69  5:33  SCV  
  69  5:35  SCV  
  70  5:43  Marine  
  70  5:44  Siege Tank  
  70  5:46  SCV  
  67  6:03  SCV x2  
  65  6:07  Marine  
  65  6:08  Viking x2  
  67  6:15  SCV x2  
  67  6:17  Missile Turret  
  68  6:27  Siege Tank  
  71  6:33  SCV x2  
  72  6:40  Barracks Reactor  
  72  6:43  Viking  
  74  6:48  Viking  
  74  6:53  SCV  
  74  6:54  SCV  
  78  7:01  Marine  
  79  7:03  Siege Tank  
  82  7:19  Marine  
Tags
 
Add a new tag
Caveats
  • Supply blocks, unpowered buildings, or Contaminate may cause inaccurate times.
  • Supply counts are checked every 10 seconds.